2853 views
Uploaded 2020-03-07 19:05:11
Game version 1.32.2
25:48 long 4on4 ladder game on (8)TwilightRuins_LV
Saved by BEARAND
2853 views
Uploaded 2020-03-07 19:05:11
Game version 1.32.2
25:48 long 4on4 ladder game on (8)TwilightRuins_LV


169 units @ 20.6k
/ 3.3k
105 buildings @ 17k
/ 7.7k

| Dust of Appearance | 1 | 75 |
| total: | 1 | 75g |
| Wisp | 15 | 900 | / | 0 |
| Archer | 15 | 1950 | / | 150 |
| Druid of the Claw | 10 | 2550 | / | 800 |
| total: | 40 | 5400g | / | 950w |
| Ancient Protector | 1 | 135 | / | 80 |
| Altar of Elders | 2 | 360 | / | 100 |
| Moon Well | 9 | 1620 | / | 360 |
| Ancient of War | 3 | 450 | / | 180 |
| Ancient of Wonders | 2 | 180 | / | 60 |
| Hunter's Hall | 1 | 210 | / | 100 |
| Tree of Life | 2 | 680 | / | 370 |
| Ancient of Lore | 2 | 310 | / | 290 |
| Tree of Ages | 1 | 320 | / | 180 |
| Tree of Eternity | 1 | 330 | / | 200 |
| total: | 22 | 3945g | / | 1540w |
| 0:06 | Altar of Elders |
| 0:08 | Altar of Elders |
| 0:09 | Moon Well |
| 0:10 | Wisp |
| 0:14 | Wisp |
| 0:30 | Wisp |
| 0:50 | Wisp |
| 1:01 | Wisp |
| 1:05 | Ancient of War |
| 1:08 | Ancient of War |
| 1:10 | Ancient of War |
| 1:30 | Wisp |
| 1:36 | Moon Well |
| 1:40 | Wisp |
| 2:10 | Archer |
| 2:10 | Archer |
| 2:10 | Archer |
| 2:27 | Mana Burn |
| 2:31 | Wisp |
| 2:33 | Archer |
| 2:50 | Archer |
| 2:56 | Ancient of Wonders |
| 2:58 | Ancient of Wonders |
| 3:23 | Archer |
| 3:35 | Hunter's Hall |
| 3:38 | Wisp |
| 3:51 | Archer |
| 3:57 | Moon Well |
| 3:58 | Moon Well |
| 4:22 | Wisp |
| 4:24 | Wisp |
| 4:42 | Strength of the Moon |
| 4:43 | Wisp |
| 5:21 | Archer |
| 5:21 | Archer |
| 5:23 | Tree of Ages |
| 5:34 | Ancient Protector |
| 5:57 | Archer |
| 5:59 | Moon Well |
| 6:16 | Evasion |
| 6:28 | Archer |
| 6:30 | Archer |
| 7:12 | Archer |
| 7:12 | Archer |
| 7:51 | Archer |
| 7:53 | Ancient of Lore |
| 7:55 | Ancient of Lore |
| 7:59 | Wisp |
| 7:59 | Wisp |
| 8:01 | Improved Bows |
| 8:36 | Tree of Eternity |
| 9:07 | Druid of the Claw Adept Training |
| 9:09 | Druid of the Claw |
| 9:37 | Moon Well |
| 9:55 | Dust of Appearance |
| 10:01 | Druid of the Claw |
| 10:38 | Druid of the Claw |
| 10:39 | Druid of the Claw |
| 11:10 | Druid of the Claw Master Training |
| 11:16 | Moon Well |
| 11:17 | Moon Well |
| 11:22 | Strength of the Wild |
| 11:31 | Mana Burn |
| 11:41 | Druid of the Claw |
| 12:07 | Druid of the Claw |
| 12:08 | Mark of the Claw |
| 12:47 | Reinforced Hides |
| 12:49 | Druid of the Claw |
| 13:47 | Tree of Life |
| 13:54 | Wisp |
| 14:10 | Druid of the Claw |
| 14:11 | Druid of the Claw |
| 15:44 | Improved Strength of the Wild |
| 15:45 | Druid of the Claw |
| 15:47 | Moon Well |
| 17:42 | Tree of Life |
| 21:36 | Evasion |
| Right click | 998 |
| Select | 393 |
| Build/train/purchase | 147 |
| Misc. action | 36 |
| Minimap ping | 25 |
| Use ability | 19 |
| Esc | 7 |
| Item give/drop | 2 |


| Potion of Healing | 1 | 150 |
| Orb of Venom | 1 | 325 |
| Scroll of Healing | 1 | 250 |
| Boots of Speed | 1 | 250 |
| Potion of Lesser Invulnerability | 1 | 150 |
| total: | 5 | 1125g |
| Wisp | 23 | 1380 | / | 0 |
| Archer | 9 | 1170 | / | 90 |
| Hippogryph | 5 | 800 | / | 100 |
| total: | 37 | 3350g | / | 190w |
| Ancient Protector | 4 | 540 | / | 320 |
| Altar of Elders | 1 | 180 | / | 50 |
| Moon Well | 9 | 1620 | / | 360 |
| Ancient of War | 2 | 300 | / | 120 |
| Ancient of Wonders | 1 | 90 | / | 30 |
| Hunter's Hall | 1 | 210 | / | 100 |
| Tree of Life | 4 | 1360 | / | 740 |
| Ancient of Wind | 2 | 300 | / | 280 |
| Tree of Ages | 1 | 320 | / | 180 |
| Tree of Eternity | 1 | 330 | / | 200 |
| total: | 24 | 4600g | / | 2000w |
| 0:08 | Wisp |
| 0:08 | Wisp |
| 0:09 | Wisp |
| 0:09 | Wisp |
| 0:09 | Wisp |
| 0:26 | Altar of Elders |
| 0:39 | Moon Well |
| 0:56 | Ancient of War |
| 1:17 | Wisp |
| 1:17 | Wisp |
| 1:17 | Wisp |
| 1:17 | Wisp |
| 1:17 | Wisp |
| 1:43 | Moon Well |
| 2:09 | Ancient of War |
| 2:11 | Archer |
| 2:11 | Archer |
| 2:25 | Moon Well |
| 2:41 | Mana Burn |
| 3:06 | Archer |
| 3:06 | Archer |
| 3:06 | Archer |
| 3:17 | Ancient of Wonders |
| 3:37 | Hunter's Hall |
| 4:11 | Archer |
| 5:30 | Wisp |
| 5:30 | Wisp |
| 5:30 | Wisp |
| 5:55 | Wisp |
| 5:56 | Wisp |
| 5:56 | Wisp |
| 5:56 | Wisp |
| 6:35 | Wisp |
| 6:36 | Wisp |
| 6:50 | Archer |
| 7:04 | Evasion |
| 7:16 | Moon Well |
| 7:17 | Moon Well |
| 7:22 | Moon Well |
| 7:22 | Moon Well |
| 7:46 | Tree of Ages |
| 7:48 | Ultravision |
| 7:49 | Strength of the Moon |
| 7:49 | Moon Armor |
| 8:35 | Moon Well |
| 8:35 | Moon Well |
| 9:37 | Boots of Speed |
| 9:42 | Potion of Lesser Invulnerability |
| 9:42 | Scroll of Healing |
| 10:12 | Ancient of Wind |
| 10:12 | Ancient of Wind |
| 10:15 | Improved Bows |
| 10:17 | Tree of Eternity |
| 10:26 | Mana Burn |
| 11:44 | Hippogryph |
| 11:44 | Hippogryph |
| 11:56 | Trueshot Aura |
| 12:41 | Marksmanship |
| 12:44 | Hippogryph |
| 13:15 | Scout |
| 13:35 | Well Spring |
| 13:39 | Tree of Life |
| 13:50 | Potion of Healing |
| 13:50 | Orb of Venom |
| 14:06 | Hippogryph |
| 14:08 | Archer |
| 14:24 | Evasion |
| 15:03 | Hippogryph |
| 15:05 | Archer |
| 16:18 | Improved Strength of the Moon |
| 16:18 | Reinforced Hides |
| 16:19 | Strength of the Wild |
| 17:20 | Tree of Life |
| 17:36 | Nature's Blessing |
| 18:49 | Ancient Protector |
| 18:49 | Ancient Protector |
| 18:51 | Ancient Protector |
| 18:52 | Ancient Protector |
| 18:56 | Wisp |
| 18:56 | Wisp |
| 18:56 | Wisp |
| 18:56 | Wisp |
| 19:59 | Tree of Life |
| 20:06 | Trueshot Aura |
| 23:47 | Mana Burn |
| 24:22 | Tree of Life |
| Right click | 1094 |
| Select | 237 |
| Select group | 148 |
| Build/train/purchase | 85 |
| Chat | 83 |
| Use ability | 22 |
| Assign group | 18 |
| Misc. action | 7 |
| Item give/drop | 5 |
| Remove unit | 1 |


| Scroll of Regeneration | 2 | 200 |
| Orb of Fire | 1 | 325 |
| Potion of Healing | 1 | 150 |
| Scroll of Town Portal | 1 | 350 |
| total: | 5 | 1025g |
| Peasant | 9 | 675 | / | 0 |
| Rifleman | 13 | 2665 | / | 390 |
| Mortar Team | 6 | 1080 | / | 420 |
| total: | 28 | 4420g | / | 810w |
| Scout Tower | 1 | 30 | / | 20 |
| Arcane Tower | 1 | 70 | / | 50 |
| Altar of Kings | 1 | 180 | / | 50 |
| Farm | 13 | 1040 | / | 260 |
| Blacksmith | 1 | 140 | / | 60 |
| Barracks | 1 | 160 | / | 60 |
| Arcane Vault | 2 | 260 | / | 60 |
| Lumber Mill | 1 | 120 | / | 0 |
| Workshop | 2 | 280 | / | 280 |
| Keep | 1 | 320 | / | 210 |
| Castle | 1 | 360 | / | 210 |
| total: | 22 | 2210g | / | 790w |
| 0:03 | Peasant |
| 0:04 | Peasant |
| 0:04 | Peasant |
| 0:10 | Altar of Kings |
| 0:15 | Peasant |
| 0:36 | Farm |
| 0:39 | Peasant |
| 1:11 | Blacksmith |
| 1:14 | Barracks |
| 1:24 | Peasant |
| 1:25 | Peasant |
| 1:32 | Scout Tower |
| 1:44 | Peasant |
| 2:08 | Arcane Tower |
| 2:15 | Farm |
| 2:32 | Farm |
| 2:39 | Peasant |
| 2:59 | Storm Bolt |
| 3:04 | Rifleman |
| 3:17 | Farm |
| 3:19 | Rifleman |
| 3:35 | Farm |
| 4:09 | Keep |
| 4:10 | Rifleman |
| 4:11 | Black Gunpowder |
| 4:37 | Rifleman |
| 5:22 | Rifleman |
| 5:25 | Studded Leather Armor |
| 5:47 | Farm |
| 5:50 | Arcane Vault |
| 6:07 | Rifleman |
| 6:33 | Long Rifles |
| 7:20 | Farm |
| 7:22 | Refined Gunpowder |
| 7:35 | Thunder Clap |
| 7:56 | Reinforced Leather Armor |
| 7:59 | Lumber Mill |
| 8:45 | Rifleman |
| 9:00 | Siphon Mana |
| 9:22 | Workshop |
| 9:23 | Rifleman |
| 9:26 | Farm |
| 9:57 | Rifleman |
| 10:19 | Workshop |
| 10:44 | Farm |
| 10:50 | Castle |
| 11:24 | Flame Strike |
| 11:47 | Mortar Team |
| 11:51 | Farm |
| 12:26 | Storm Bolt |
| 12:52 | Arcane Vault |
| 12:59 | Flare |
| 13:04 | Farm |
| 13:13 | Fragmentation Shards |
| 14:02 | Mortar Team |
| 14:03 | Rifleman |
| 14:05 | Farm |
| 14:34 | Mortar Team |
| 14:54 | Farm |
| 15:05 | Imbued Gunpowder |
| 16:46 | Mortar Team |
| 16:48 | Rifleman |
| 16:57 | Scroll of Regeneration |
| 16:59 | Scroll of Town Portal |
| 17:00 | Orb of Fire |
| 17:00 | Potion of Healing |
| 17:42 | Mortar Team |
| 17:51 | Siphon Mana |
| 17:53 | Scroll of Regeneration |
| 18:25 | Rifleman |
| 20:27 | Mortar Team |
| 20:29 | Rifleman |
| Right click | 1038 |
| Select group | 758 |
| Select | 363 |
| Build/train/purchase | 70 |
| Misc. action | 59 |
| Use ability | 57 |
| Assign group | 22 |
| Minimap ping | 4 |
| Esc | 1 |



| Scroll of Regeneration | 1 | 100 |
| total: | 1 | 100g |
| Wisp | 43 | 2580 | / | 0 |
| Huntress | 4 | 780 | / | 80 |
| Glaive Thrower | 9 | 1890 | / | 585 |
| Dryad | 3 | 435 | / | 180 |
| Chimaera | 1 | 330 | / | 70 |
| Mountain Giant | 2 | 700 | / | 200 |
| Goblin Shredder | 2 | 750 | / | 200 |
| total: | 64 | 7465g | / | 1315w |
| Ancient Protector | 12 | 1620 | / | 960 |
| Altar of Elders | 1 | 180 | / | 50 |
| Moon Well | 7 | 1260 | / | 280 |
| Hunter's Hall | 1 | 210 | / | 100 |
| Ancient of War | 3 | 450 | / | 180 |
| Tree of Life | 4 | 1360 | / | 740 |
| Ancient of Wonders | 3 | 270 | / | 90 |
| Ancient of Lore | 3 | 465 | / | 435 |
| Chimaera Roost | 3 | 420 | / | 570 |
| Tree of Ages | 1 | 320 | / | 180 |
| Tree of Eternity | 3 | 990 | / | 600 |
| total: | 37 | 6235g | / | 3405w |
| 0:02 | Wisp |
| 0:02 | Wisp |
| 0:08 | Altar of Elders |
| 0:19 | Moon Well |
| 0:24 | Wisp |
| 0:34 | Wisp |
| 0:44 | Wisp |
| 0:51 | Wisp |
| 1:01 | Wisp |
| 1:19 | Wisp |
| 1:30 | Wisp |
| 1:34 | Hunter's Hall |
| 1:52 | Wisp |
| 1:59 | Ancient of War |
| 2:12 | Entangling Roots |
| 2:14 | Moon Well |
| 2:26 | Ancient of War |
| 2:48 | Moon Well |
| 2:57 | Ultravision |
| 3:30 | Huntress |
| 4:20 | Tree of Ages |
| 4:23 | Huntress |
| 4:24 | Huntress |
| 4:48 | Glaive Thrower |
| 4:48 | Glaive Thrower |
| 5:15 | Strength of the Moon |
| 5:16 | Glaive Thrower |
| 5:16 | Glaive Thrower |
| 5:34 | Moon Well |
| 6:08 | Glaive Thrower |
| 6:40 | Glaive Thrower |
| 6:55 | Vorpal Blades |
| 7:38 | Huntress |
| 8:04 | Force of Nature |
| 8:12 | Wisp |
| 8:13 | Wisp |
| 8:13 | Wisp |
| 8:45 | Glaive Thrower |
| 8:46 | Ancient of Lore |
| 9:20 | Wisp |
| 9:20 | Wisp |
| 9:40 | Wisp |
| 9:53 | Wisp |
| 10:21 | Wisp |
| 10:33 | Acid Bomb |
| 10:37 | Wisp |
| 10:52 | Tree of Eternity |
| 11:05 | Force of Nature |
| 11:17 | Goblin Shredder |
| 11:17 | Goblin Shredder |
| 12:01 | Ancient Protector |
| 12:04 | Ancient Protector |
| 12:24 | Healing Spray |
| 12:42 | Tree of Life |
| 13:01 | Strength of the Wild |
| 13:01 | Reinforced Hides |
| 13:03 | Moon Well |
| 13:28 | Chimaera Roost |
| 13:33 | Chimaera Roost |
| 13:36 | Chimaera Roost |
| 13:41 | Wisp |
| 13:41 | Wisp |
| 13:44 | Wisp |
| 14:07 | Moon Well |
| 14:31 | Entangling Roots |
| 14:46 | Moon Well |
| 14:50 | Cluster Rockets |
| 14:58 | Ancient Protector |
| 14:59 | Wisp |
| 14:59 | Wisp |
| 14:59 | Wisp |
| 14:59 | Wisp |
| 15:02 | Scroll of Regeneration |
| 15:43 | Wisp |
| 15:49 | Wisp |
| 15:54 | Ancient Protector |
| 15:55 | Ancient Protector |
| 15:57 | Ancient Protector |
| 15:58 | Ancient Protector |
| 16:16 | Ancient Protector |
| 16:26 | Ancient Protector |
| 16:52 | Dryad |
| 16:54 | Corrosive Breath |
| 16:55 | Chimaera |
| 17:22 | Ancient Protector |
| 17:26 | Wisp |
| 17:48 | Ancient of Wonders |
| 18:27 | Ancient Protector |
| 18:28 | Wisp |
| 18:28 | Wisp |
| 19:00 | Ancient Protector |
| 19:23 | Wisp |
| 19:50 | Healing Spray |
| 20:07 | Tree of Life |
| 20:11 | Ancient of Lore |
| 20:13 | Wisp |
| 20:13 | Wisp |
| 20:31 | Tree of Life |
| 20:36 | Wisp |
| 21:32 | Dryad |
| 21:34 | Ancient of Lore |
| 21:37 | Well Spring |
| 22:10 | Ancient of Wonders |
| 22:17 | Ancient of Wonders |
| 22:52 | Wisp |
| 22:52 | Wisp |
| 22:52 | Wisp |
| 22:53 | Wisp |
| 22:53 | Wisp |
| 22:53 | Wisp |
| 23:30 | Mountain Giant |
| 23:30 | Hardened Skin |
| 23:32 | Mountain Giant |
| 24:12 | Glaive Thrower |
| 24:12 | Glaive Thrower |
| 24:17 | Wisp |
| 24:17 | Wisp |
| 24:51 | Tree of Life |
| 25:04 | Dryad |
| 25:29 | Ancient of War |
| Right click | 2056 |
| Select group | 1464 |
| Select | 694 |
| Misc. action | 256 |
| Use ability | 108 |
| Build/train/purchase | 107 |
| Assign group | 50 |
| Chat | 40 |
| Minimap ping | 20 |
| Esc | 6 |
| Item give/drop | 1 |
124 units @ 10.7k
/ 0.8k
356 buildings @ 22.3k
/ 12.5k



| Potion of Healing | 1 | 150 |
| Lesser Clarity Potion | 1 | 70 |
| Orb of Venom | 1 | 325 |
| Staff of Teleportation | 3 | 450 |
| Boots of Speed | 3 | 750 |
| Scroll of Regeneration | 1 | 100 |
| Staff of Sanctuary | 3 | 750 |
| Claws of Attack +12 | 1 | 500 |
| total: | 14 | 3095g |
| Wisp | 40 | 2400 | / | 0 |
| Goblin Zeppelin | 1 | 240 | / | 60 |
| total: | 41 | 2640g | / | 60w |
| Altar of Elders | 1 | 180 | / | 50 |
| Moon Well | 5 | 900 | / | 200 |
| Ancient of War | 1 | 150 | / | 60 |
| Tree of Life | 3 | 1020 | / | 555 |
| Ancient of Wonders | 3 | 270 | / | 90 |
| Hunter's Hall | 1 | 210 | / | 100 |
| Tree of Ages | 1 | 320 | / | 180 |
| Tree of Eternity | 1 | 330 | / | 200 |
| total: | 14 | 2730g | / | 1055w |
| 0:01 | Wisp |
| 0:05 | Altar of Elders |
| 0:09 | Wisp |
| 0:17 | Moon Well |
| 0:21 | Wisp |
| 0:30 | Wisp |
| 0:39 | Moon Well |
| 0:51 | Wisp |
| 0:58 | Wisp |
| 1:12 | Wisp |
| 1:23 | Wisp |
| 1:32 | Wisp |
| 1:46 | Wisp |
| 2:13 | Entangling Roots |
| 2:18 | Wisp |
| 2:22 | Wisp |
| 2:39 | Wisp |
| 3:09 | Tree of Ages |
| 3:50 | Staff of Teleportation |
| 3:51 | Boots of Speed |
| 5:01 | Ancient of War |
| 5:04 | Moon Well |
| 5:13 | Moon Well |
| 5:59 | Wisp |
| 5:59 | Wisp |
| 6:22 | Wisp |
| 6:27 | Frost Arrows |
| 6:42 | Tree of Eternity |
| 7:07 | Staff of Teleportation |
| 7:21 | Tree of Life |
| 7:29 | Thorns Aura |
| 7:38 | Ancient of Wonders |
| 8:17 | Potion of Healing |
| 8:18 | Scroll of Regeneration |
| 8:51 | Lesser Clarity Potion |
| 9:39 | Nature's Blessing |
| 9:51 | Soul Burn |
| 10:46 | Wisp |
| 10:46 | Wisp |
| 10:47 | Wisp |
| 10:47 | Wisp |
| 10:48 | Wisp |
| 11:02 | Wisp |
| 11:21 | Wisp |
| 11:21 | Wisp |
| 11:41 | Boots of Speed |
| 11:47 | Wisp |
| 11:51 | Hunter's Hall |
| 12:15 | Tree of Life |
| 12:20 | Forked Lightning |
| 12:45 | Boots of Speed |
| 12:56 | Well Spring |
| 13:06 | Staff of Teleportation |
| 13:23 | Incinerate |
| 13:30 | Tree of Life |
| 13:41 | Moon Well |
| 13:55 | Ancient of Wonders |
| 13:56 | Ancient of Wonders |
| 14:00 | Wisp |
| 14:00 | Wisp |
| 14:07 | Entangling Roots |
| 15:19 | Orb of Venom |
| 16:37 | Wisp |
| 16:37 | Wisp |
| 16:49 | Wisp |
| 16:49 | Wisp |
| 16:49 | Wisp |
| 16:49 | Wisp |
| 16:49 | Wisp |
| 17:56 | Claws of Attack +12 |
| 18:09 | Goblin Zeppelin |
| 18:24 | Wisp |
| 18:24 | Wisp |
| 18:24 | Wisp |
| 18:24 | Wisp |
| 18:24 | Wisp |
| 18:26 | Wisp |
| 20:01 | Staff of Sanctuary |
| 20:10 | Staff of Sanctuary |
| 20:13 | Staff of Sanctuary |
| 24:56 | Frost Arrows |
| 24:58 | Soul Burn |
| Right click | 1640 |
| Select | 754 |
| Select group | 604 |
| Resource trade | 298 |
| Assign group | 263 |
| Build/train/purchase | 86 |
| Use ability | 69 |
| Chat | 21 |
| Minimap ping | 15 |
| Misc. action | 8 |
| Item give/drop | 7 |
| Remove unit | 2 |



| Scroll of Regeneration | 6 | 600 |
| Staff of Sanctuary | 3 | 750 |
| Potion of Mana | 1 | 200 |
| Boots of Speed | 3 | 750 |
| Staff of Teleportation | 3 | 450 |
| Orb of Venom | 1 | 325 |
| Khadgar's Pipe of Insight | 1 | 500 |
| total: | 18 | 3575g |
| Peasant | 36 | 2700 | / | 0 |
| total: | 36 | 2700g | / | 0w |
| Scout Tower | 116 | 3480 | / | 2320 |
| Arcane Tower | 3 | 210 | / | 150 |
| Guard Tower | 49 | 3430 | / | 2450 |
| Altar of Kings | 2 | 360 | / | 100 |
| Lumber Mill | 1 | 120 | / | 0 |
| Farm | 6 | 480 | / | 120 |
| Arcane Vault | 3 | 390 | / | 90 |
| Town Hall | 2 | 770 | / | 410 |
| Arcane Sanctum | 1 | 150 | / | 140 |
| Keep | 1 | 320 | / | 210 |
| Castle | 1 | 360 | / | 210 |
| total: | 131 | 5750g | / | 3180w |
| 0:01 | Peasant |
| 0:03 | Altar of Kings |
| 0:07 | Peasant |
| 0:13 | Peasant |
| 0:22 | Lumber Mill |
| 0:23 | Peasant |
| 0:32 | Farm |
| 0:39 | Peasant |
| 0:57 | Peasant |
| 1:00 | Farm |
| 1:19 | Scout Tower |
| 1:20 | Peasant |
| 1:32 | Scout Tower |
| 1:34 | Peasant |
| 1:37 | Improved Masonry |
| 1:49 | Arcane Tower |
| 1:53 | Peasant |
| 2:05 | Blizzard |
| 2:07 | Scout Tower |
| 2:08 | Scout Tower |
| 2:11 | Guard Tower |
| 2:14 | Peasant |
| 2:19 | Scout Tower |
| 2:22 | Peasant |
| 2:46 | Guard Tower |
| 2:46 | Guard Tower |
| 2:51 | Scout Tower |
| 3:00 | Guard Tower |
| 3:15 | Peasant |
| 3:16 | Peasant |
| 3:17 | Guard Tower |
| 3:19 | Scout Tower |
| 3:22 | Scout Tower |
| 3:33 | Scout Tower |
| 3:57 | Guard Tower |
| 4:09 | Scout Tower |
| 4:09 | Guard Tower |
| 4:11 | Peasant |
| 4:11 | Peasant |
| 4:11 | Peasant |
| 4:16 | Scout Tower |
| 4:35 | Guard Tower |
| 4:42 | Farm |
| 4:50 | Keep |
| 4:52 | Scout Tower |
| 4:52 | Guard Tower |
| 5:05 | Scout Tower |
| 5:07 | Arcane Vault |
| 5:27 | Scout Tower |
| 5:38 | Brilliance Aura |
| 5:50 | Guard Tower |
| 5:54 | Arcane Tower |
| 5:55 | Scout Tower |
| 6:04 | Boots of Speed |
| 6:05 | Staff of Teleportation |
| 6:07 | Boots of Speed |
| 6:40 | Scroll of Regeneration |
| 6:52 | Scout Tower |
| 7:00 | Guard Tower |
| 7:12 | Scout Tower |
| 7:19 | Scroll of Regeneration |
| 7:30 | Guard Tower |
| 7:49 | Scout Tower |
| 7:54 | Scout Tower |
| 7:55 | Scout Tower |
| 8:07 | Scout Tower |
| 8:14 | Scout Tower |
| 8:18 | Advanced Masonry |
| 8:26 | Guard Tower |
| 8:34 | Guard Tower |
| 8:53 | Altar of Kings |
| 8:54 | Guard Tower |
| 9:03 | Guard Tower |
| 9:05 | Peasant |
| 9:06 | Peasant |
| 9:06 | Peasant |
| 9:22 | Peasant |
| 9:24 | Scout Tower |
| 9:36 | Scout Tower |
| 9:48 | Peasant |
| 9:56 | Guard Tower |
| 10:08 | Guard Tower |
| 10:15 | Scout Tower |
| 10:15 | Scout Tower |
| 10:19 | Improved Lumber Harvesting |
| 10:23 | Scout Tower |
| 10:23 | Scout Tower |
| 10:44 | Guard Tower |
| 10:53 | Guard Tower |
| 11:00 | Peasant |
| 11:00 | Peasant |
| 11:26 | Peasant |
| 11:40 | Storm Bolt |
| 11:43 | Town Hall |
| 12:10 | Guard Tower |
| 12:11 | Scout Tower |
| 12:12 | Scout Tower |
| 12:19 | Guard Tower |
| 12:34 | Scout Tower |
| 12:35 | Scout Tower |
| 12:35 | Scout Tower |
| 12:36 | Scout Tower |
| 12:36 | Scout Tower |
| 12:37 | Scout Tower |
| 12:41 | Scroll of Regeneration |
| 12:52 | Guard Tower |
| 12:57 | Farm |
| 13:02 | Guard Tower |
| 13:03 | Scout Tower |
| 13:03 | Scout Tower |
| 13:06 | Castle |
| 13:14 | Arcane Sanctum |
| 13:21 | Guard Tower |
| 13:26 | Scout Tower |
| 13:27 | Scout Tower |
| 13:28 | Scout Tower |
| 13:28 | Arcane Tower |
| 13:39 | Bash |
| 14:01 | Scout Tower |
| 14:01 | Scout Tower |
| 14:03 | Guard Tower |
| 14:06 | Peasant |
| 14:06 | Peasant |
| 14:06 | Peasant |
| 14:08 | Peasant |
| 14:30 | Guard Tower |
| 14:35 | Guard Tower |
| 14:42 | Guard Tower |
| 14:47 | Scout Tower |
| 14:47 | Scout Tower |
| 14:48 | Guard Tower |
| 14:50 | Peasant |
| 14:57 | Guard Tower |
| 14:59 | Scout Tower |
| 15:00 | Scout Tower |
| 15:00 | Scout Tower |
| 15:01 | Scout Tower |
| 15:05 | Scout Tower |
| 15:06 | Scout Tower |
| 15:10 | Magic Sentry |
| 15:14 | Guard Tower |
| 15:14 | Peasant |
| 15:18 | Arcane Vault |
| 15:30 | Guard Tower |
| 15:44 | Guard Tower |
| 15:57 | Guard Tower |
| 16:00 | Imbued Masonry |
| 16:04 | Staff of Teleportation |
| 16:17 | Blizzard |
| 16:23 | Guard Tower |
| 16:30 | Scroll of Regeneration |
| 16:33 | Peasant |
| 16:33 | Peasant |
| 16:41 | Peasant |
| 16:42 | Peasant |
| 16:44 | Guard Tower |
| 16:52 | Guard Tower |
| 16:54 | Scout Tower |
| 16:55 | Scout Tower |
| 16:57 | Scout Tower |
| 16:57 | Scout Tower |
| 16:58 | Scout Tower |
| 16:59 | Scout Tower |
| 17:00 | Scout Tower |
| 17:02 | Peasant |
| 17:05 | Scroll of Regeneration |
| 17:07 | Staff of Sanctuary |
| 17:10 | Holy Light |
| 17:13 | Priest Adept Training |
| 17:18 | Staff of Sanctuary |
| 17:24 | Peasant |
| 17:43 | Guard Tower |
| 17:44 | Scout Tower |
| 17:45 | Scout Tower |
| 17:51 | Guard Tower |
| 17:54 | Scout Tower |
| 17:57 | Scout Tower |
| 17:57 | Scout Tower |
| 18:12 | Boots of Speed |
| 18:12 | Staff of Teleportation |
| 18:27 | Guard Tower |
| 18:31 | Scout Tower |
| 18:31 | Scout Tower |
| 18:33 | Scout Tower |
| 18:36 | Scout Tower |
| 18:37 | Scout Tower |
| 18:38 | Scout Tower |
| 18:38 | Scout Tower |
| 18:38 | Scout Tower |
| 18:39 | Scout Tower |
| 18:44 | Guard Tower |
| 18:47 | Scout Tower |
| 18:47 | Scout Tower |
| 19:31 | Guard Tower |
| 19:35 | Arcane Vault |
| 19:42 | Advanced Lumber Harvesting |
| 19:45 | Guard Tower |
| 20:01 | Scout Tower |
| 20:02 | Scout Tower |
| 20:04 | Guard Tower |
| 20:06 | Scout Tower |
| 20:07 | Scout Tower |
| 20:14 | Scout Tower |
| 20:15 | Scout Tower |
| 20:30 | Scroll of Regeneration |
| 20:34 | Staff of Sanctuary |
| 21:46 | Guard Tower |
| 21:48 | Guard Tower |
| 21:53 | Scout Tower |
| 21:54 | Scout Tower |
| 21:55 | Scout Tower |
| 21:55 | Scout Tower |
| 21:56 | Scout Tower |
| 21:56 | Scout Tower |
| 21:58 | Scout Tower |
| 21:58 | Scout Tower |
| 21:59 | Scout Tower |
| 22:00 | Scout Tower |
| 22:01 | Scout Tower |
| 22:05 | Scout Tower |
| 22:07 | Scout Tower |
| 22:07 | Scout Tower |
| 22:08 | Scout Tower |
| 22:11 | Scout Tower |
| 22:12 | Scout Tower |
| 22:12 | Scout Tower |
| 22:13 | Scout Tower |
| 22:13 | Scout Tower |
| 22:14 | Scout Tower |
| 22:25 | Farm |
| 22:27 | Scout Tower |
| 22:27 | Scout Tower |
| 22:28 | Scout Tower |
| 22:29 | Scout Tower |
| 22:29 | Scout Tower |
| 22:30 | Scout Tower |
| 22:30 | Scout Tower |
| 22:43 | Divine Shield |
| 22:55 | Khadgar's Pipe of Insight |
| 23:08 | Farm |
| 23:26 | Orb of Venom |
| 24:10 | Town Hall |
| 24:11 | Guard Tower |
| 24:15 | Guard Tower |
| 24:32 | Storm Bolt |
| 25:19 | Potion of Mana |
| 25:24 | Scout Tower |
| 25:24 | Scout Tower |
| 25:25 | Scout Tower |
| 25:25 | Scout Tower |
| 25:26 | Scout Tower |
| 25:27 | Scout Tower |
| 25:28 | Scout Tower |
| 25:29 | Scout Tower |
| 25:30 | Brilliance Aura |
| Right click | 1368 |
| Select group | 714 |
| Assign group | 550 |
| Select | 466 |
| Build/train/purchase | 196 |
| Use ability | 89 |
| Misc. action | 38 |
| Chat | 34 |
| Item give/drop | 7 |
| Resource trade | 5 |
| Minimap ping | 4 |
| Remove unit | 2 |


| Healing Salve | 3 | 300 |
| Lesser Clarity Potion | 4 | 280 |
| Orb of Lightning | 2 | 750 |
| Circlet of Nobility | 2 | 350 |
| Boots of Speed | 2 | 500 |
| Staff of Teleportation | 2 | 300 |
| Orb of Venom | 1 | 325 |
| Ancient Janggo of Endurance | 1 | 500 |
| total: | 17 | 3305g |
| Peon | 13 | 975 | / | 0 |
| Troll Batrider | 14 | 2240 | / | 560 |
| total: | 27 | 3215g | / | 560w |
| Watch Tower | 51 | 5610 | / | 4080 |
| Altar of Storms | 2 | 360 | / | 100 |
| Orc Burrow | 5 | 800 | / | 200 |
| War Mill | 2 | 410 | / | 0 |
| Voodoo Lounge | 2 | 260 | / | 60 |
| Barracks | 1 | 180 | / | 50 |
| Beastiary | 2 | 290 | / | 280 |
| Stronghold | 1 | 315 | / | 190 |
| Fortress | 1 | 325 | / | 190 |
| total: | 65 | 7910g | / | 4770w |
| 0:03 | Altar of Storms |
| 0:07 | Peon |
| 0:07 | Peon |
| 0:10 | Orc Burrow |
| 0:16 | Peon |
| 0:25 | Peon |
| 0:44 | Peon |
| 0:57 | War Mill |
| 1:10 | Peon |
| 1:18 | Peon |
| 1:28 | Peon |
| 1:35 | Voodoo Lounge |
| 2:04 | Wind Walk |
| 2:08 | Peon |
| 2:08 | Peon |
| 2:12 | Watch Tower |
| 2:17 | Watch Tower |
| 2:44 | Orc Burrow |
| 2:46 | Spiked Barricades |
| 3:34 | Watch Tower |
| 3:39 | Peon |
| 3:39 | Peon |
| 3:40 | Peon |
| 3:51 | Healing Salve |
| 3:51 | Lesser Clarity Potion |
| 4:07 | Circlet of Nobility |
| 4:07 | Boots of Speed |
| 4:07 | Staff of Teleportation |
| 4:29 | Stronghold |
| 4:32 | Watch Tower |
| 4:40 | Watch Tower |
| 5:18 | Critical Strike |
| 5:45 | Watch Tower |
| 5:46 | Watch Tower |
| 5:48 | Watch Tower |
| 5:49 | Watch Tower |
| 5:53 | Watch Tower |
| 5:56 | Watch Tower |
| 5:56 | Watch Tower |
| 6:04 | Watch Tower |
| 6:05 | Watch Tower |
| 6:55 | Beastiary |
| 7:57 | Hex |
| 8:19 | Staff of Teleportation |
| 8:19 | Boots of Speed |
| 8:19 | Circlet of Nobility |
| 8:33 | Beastiary |
| 8:34 | Fortress |
| 8:38 | Reinforced Defenses |
| 9:09 | Healing Salve |
| 9:24 | Lesser Clarity Potion |
| 9:42 | Troll Batrider |
| 9:43 | Steel Ranged Weapons |
| 9:45 | Orc Burrow |
| 10:23 | Lesser Clarity Potion |
| 10:36 | Orc Burrow |
| 10:38 | Troll Batrider |
| 10:44 | Watch Tower |
| 10:45 | Watch Tower |
| 11:00 | Liquid Fire |
| 11:11 | Troll Batrider |
| 11:12 | Orb of Lightning |
| 11:25 | Thorium Ranged Weapons |
| 11:41 | Healing Wave |
| 11:46 | Troll Batrider |
| 11:54 | Wind Walk |
| 12:21 | Troll Batrider |
| 12:58 | Troll Batrider |
| 12:59 | Troll Batrider |
| 13:21 | Arcanite Ranged Weapons |
| 14:04 | Steel Armor |
| 14:25 | Watch Tower |
| 14:26 | Watch Tower |
| 14:26 | Watch Tower |
| 14:29 | Watch Tower |
| 14:29 | Watch Tower |
| 14:30 | Watch Tower |
| 14:38 | Watch Tower |
| 14:39 | Watch Tower |
| 14:49 | Watch Tower |
| 14:50 | Watch Tower |
| 14:58 | Orb of Lightning |
| 16:45 | Watch Tower |
| 16:45 | Watch Tower |
| 16:46 | Watch Tower |
| 16:46 | Watch Tower |
| 16:47 | Watch Tower |
| 17:07 | Watch Tower |
| 17:07 | Watch Tower |
| 17:08 | Watch Tower |
| 17:08 | Watch Tower |
| 17:17 | Voodoo Lounge |
| 17:19 | Orc Burrow |
| 17:39 | Critical Strike |
| 17:51 | Watch Tower |
| 17:57 | War Mill |
| 18:38 | Barracks |
| 18:40 | Thorium Armor |
| 19:04 | Troll Batrider |
| 19:52 | Troll Batrider |
| 19:52 | Troll Batrider |
| 20:07 | Ancient Janggo of Endurance |
| 20:15 | Watch Tower |
| 20:20 | Troll Regeneration |
| 20:29 | Altar of Storms |
| 20:33 | Arcanite Armor |
| 20:35 | Troll Batrider |
| 20:36 | Troll Batrider |
| 20:36 | Troll Batrider |
| 20:36 | Troll Batrider |
| 21:05 | Orb of Venom |
| 21:29 | Watch Tower |
| 21:30 | Watch Tower |
| 21:33 | Watch Tower |
| 21:34 | Watch Tower |
| 21:38 | Watch Tower |
| 21:39 | Watch Tower |
| 21:44 | Watch Tower |
| 21:47 | Watch Tower |
| 21:50 | Wind Walk |
| 22:58 | Watch Tower |
| 23:04 | Watch Tower |
| 23:04 | Watch Tower |
| 23:05 | Watch Tower |
| 23:05 | Watch Tower |
| 23:07 | Watch Tower |
| 23:51 | Healing Wave |
| 24:23 | Lesser Clarity Potion |
| 24:25 | Healing Salve |
| Right click | 1913 |
| Select group | 749 |
| Select | 242 |
| Build/train/purchase | 105 |
| Use ability | 62 |
| Chat | 59 |
| Misc. action | 38 |
| Minimap ping | 26 |
| Assign group | 19 |
| Item give/drop | 10 |
| Esc | 1 |



| Potion of Healing | 2 | 300 |
| Lesser Clarity Potion | 3 | 210 |
| Staff of Sanctuary | 3 | 750 |
| Scroll of Town Portal | 1 | 350 |
| Boots of Speed | 4 | 1000 |
| Staff of Teleportation | 3 | 450 |
| Orb of Venom | 2 | 650 |
| Healing Salve | 1 | 100 |
| total: | 19 | 3810g |
| Peasant | 15 | 1125 | / | 0 |
| Dragonhawk Rider | 5 | 1000 | / | 150 |
| total: | 20 | 2125g | / | 150w |
| Scout Tower | 131 | 3930 | / | 2620 |
| Arcane Tower | 6 | 420 | / | 300 |
| Guard Tower | 83 | 5810 | / | 4150 |
| Altar of Kings | 1 | 180 | / | 50 |
| Farm | 6 | 480 | / | 120 |
| Lumber Mill | 1 | 120 | / | 0 |
| Arcane Vault | 2 | 260 | / | 60 |
| Town Hall | 1 | 385 | / | 205 |
| Blacksmith | 1 | 140 | / | 60 |
| Barracks | 1 | 160 | / | 60 |
| Gryphon Aviary | 1 | 140 | / | 150 |
| Arcane Sanctum | 1 | 150 | / | 140 |
| Keep | 2 | 640 | / | 420 |
| Castle | 2 | 720 | / | 420 |
| total: | 146 | 5945g | / | 3465w |
| 0:03 | Peasant |
| 0:03 | Peasant |
| 0:09 | Altar of Kings |
| 0:17 | Peasant |
| 0:19 | Farm |
| 0:28 | Peasant |
| 0:32 | Lumber Mill |
| 0:35 | Scout Tower |
| 0:40 | Peasant |
| 0:57 | Scout Tower |
| 1:00 | Peasant |
| 1:02 | Peasant |
| 1:20 | Peasant |
| 1:25 | Scout Tower |
| 1:27 | Scout Tower |
| 1:30 | Peasant |
| 1:35 | Farm |
| 1:35 | Arcane Tower |
| 1:49 | Arcane Tower |
| 1:58 | Scout Tower |
| 2:00 | Guard Tower |
| 2:07 | Blizzard |
| 2:15 | Guard Tower |
| 2:19 | Peasant |
| 2:19 | Peasant |
| 2:21 | Scout Tower |
| 2:22 | Scout Tower |
| 2:33 | Guard Tower |
| 2:53 | Scout Tower |
| 2:54 | Scout Tower |
| 2:55 | Guard Tower |
| 2:57 | Scout Tower |
| 2:57 | Scout Tower |
| 3:17 | Guard Tower |
| 3:19 | Guard Tower |
| 3:21 | Scout Tower |
| 3:21 | Scout Tower |
| 3:22 | Peasant |
| 3:22 | Peasant |
| 3:22 | Peasant |
| 3:51 | Guard Tower |
| 3:52 | Guard Tower |
| 4:07 | Keep |
| 4:09 | Improved Masonry |
| 4:17 | Farm |
| 4:18 | Farm |
| 4:19 | Guard Tower |
| 4:25 | Guard Tower |
| 4:26 | Scout Tower |
| 4:26 | Scout Tower |
| 5:00 | Guard Tower |
| 5:04 | Scout Tower |
| 5:05 | Scout Tower |
| 5:08 | Guard Tower |
| 5:10 | Scout Tower |
| 5:11 | Scout Tower |
| 5:11 | Scout Tower |
| 5:11 | Scout Tower |
| 5:54 | Guard Tower |
| 5:56 | Guard Tower |
| 6:00 | Brilliance Aura |
| 6:05 | Arcane Vault |
| 6:06 | Guard Tower |
| 6:07 | Scout Tower |
| 6:07 | Scout Tower |
| 6:08 | Scout Tower |
| 6:42 | Guard Tower |
| 6:43 | Guard Tower |
| 6:52 | Advanced Masonry |
| 7:10 | Boots of Speed |
| 7:43 | Guard Tower |
| 7:44 | Guard Tower |
| 7:47 | Guard Tower |
| 7:47 | Scout Tower |
| 7:49 | Scout Tower |
| 7:49 | Scout Tower |
| 7:49 | Scout Tower |
| 7:50 | Scout Tower |
| 8:07 | Staff of Teleportation |
| 8:12 | Storm Bolt |
| 8:27 | Potion of Healing |
| 8:39 | Potion of Healing |
| 9:24 | Castle |
| 9:29 | Gryphon Aviary |
| 9:31 | Farm |
| 9:32 | Farm |
| 9:47 | Lesser Clarity Potion |
| 10:13 | Guard Tower |
| 10:59 | Staff of Teleportation |
| 10:59 | Boots of Speed |
| 11:10 | Dragonhawk Rider |
| 12:17 | Blizzard |
| 12:20 | Dragonhawk Rider |
| 12:23 | Town Hall |
| 12:29 | Imbued Masonry |
| 12:54 | Staff of Sanctuary |
| 13:24 | Scout Tower |
| 13:24 | Scout Tower |
| 13:25 | Scout Tower |
| 13:25 | Scout Tower |
| 13:26 | Scout Tower |
| 13:26 | Scout Tower |
| 13:27 | Scout Tower |
| 13:28 | Scout Tower |
| 13:32 | Holy Light |
| 13:40 | Dragonhawk Rider |
| 13:52 | Bash |
| 14:01 | Staff of Teleportation |
| 14:01 | Boots of Speed |
| 14:03 | Boots of Speed |
| 14:10 | Guard Tower |
| 14:22 | Guard Tower |
| 14:39 | Guard Tower |
| 14:42 | Scout Tower |
| 14:43 | Scout Tower |
| 14:43 | Scout Tower |
| 14:44 | Scout Tower |
| 14:44 | Scout Tower |
| 14:44 | Scout Tower |
| 14:45 | Scout Tower |
| 14:55 | Dragonhawk Rider |
| 14:55 | Dragonhawk Rider |
| 14:59 | Staff of Sanctuary |
| 15:14 | Arcane Vault |
| 15:20 | Guard Tower |
| 15:24 | Scout Tower |
| 15:25 | Scout Tower |
| 15:25 | Scout Tower |
| 15:25 | Scout Tower |
| 15:26 | Scout Tower |
| 16:08 | Scout Tower |
| 16:09 | Scout Tower |
| 16:09 | Scout Tower |
| 16:09 | Scout Tower |
| 16:10 | Scout Tower |
| 16:10 | Scout Tower |
| 16:10 | Scout Tower |
| 16:10 | Scout Tower |
| 16:11 | Scout Tower |
| 16:12 | Scout Tower |
| 16:12 | Scout Tower |
| 16:13 | Scout Tower |
| 16:13 | Scout Tower |
| 16:14 | Scout Tower |
| 16:14 | Scout Tower |
| 16:15 | Scout Tower |
| 16:19 | Guard Tower |
| 16:22 | Scout Tower |
| 16:22 | Scout Tower |
| 16:23 | Scout Tower |
| 16:23 | Scout Tower |
| 16:43 | Guard Tower |
| 16:45 | Scout Tower |
| 16:45 | Scout Tower |
| 16:46 | Scout Tower |
| 16:46 | Scout Tower |
| 16:47 | Guard Tower |
| 16:50 | Arcane Sanctum |
| 16:54 | Blacksmith |
| 17:36 | Guard Tower |
| 17:41 | Guard Tower |
| 17:43 | Guard Tower |
| 17:44 | Scout Tower |
| 17:44 | Scout Tower |
| 17:45 | Scout Tower |
| 17:45 | Scout Tower |
| 17:46 | Guard Tower |
| 17:48 | Scout Tower |
| 17:48 | Scout Tower |
| 17:48 | Scout Tower |
| 17:49 | Scout Tower |
| 17:49 | Scout Tower |
| 17:49 | Scout Tower |
| 17:51 | Scout Tower |
| 17:51 | Scout Tower |
| 17:52 | Peasant |
| 18:08 | Staff of Sanctuary |
| 18:17 | Guard Tower |
| 18:19 | Guard Tower |
| 18:21 | Guard Tower |
| 18:24 | Barracks |
| 18:26 | Scout Tower |
| 18:26 | Scout Tower |
| 18:26 | Scout Tower |
| 18:27 | Scout Tower |
| 18:27 | Scout Tower |
| 18:29 | Orb of Venom |
| 18:49 | Guard Tower |
| 19:36 | Guard Tower |
| 19:37 | Guard Tower |
| 19:40 | Arcane Tower |
| 19:41 | Guard Tower |
| 19:41 | Iron Forged Swords |
| 19:41 | Studded Leather Armor |
| 19:42 | Animal War Training |
| 20:24 | Guard Tower |
| 20:25 | Scout Tower |
| 20:26 | Scout Tower |
| 20:26 | Scout Tower |
| 20:26 | Scout Tower |
| 20:28 | Scout Tower |
| 20:29 | Scout Tower |
| 20:33 | Arcane Tower |
| 20:51 | Orb of Venom |
| 20:55 | Scroll of Town Portal |
| 21:45 | Guard Tower |
| 21:47 | Scout Tower |
| 21:48 | Scout Tower |
| 21:48 | Scout Tower |
| 21:48 | Scout Tower |
| 21:49 | Scout Tower |
| 21:49 | Scout Tower |
| 21:51 | Guard Tower |
| 21:52 | Scout Tower |
| 21:53 | Scout Tower |
| 21:54 | Scout Tower |
| 21:54 | Scout Tower |
| 22:16 | Guard Tower |
| 22:18 | Scout Tower |
| 22:18 | Scout Tower |
| 22:19 | Scout Tower |
| 22:19 | Scout Tower |
| 22:19 | Scout Tower |
| 22:20 | Scout Tower |
| 22:42 | Guard Tower |
| 22:56 | Lesser Clarity Potion |
| 22:56 | Lesser Clarity Potion |
| 23:08 | Guard Tower |
| 23:08 | Guard Tower |
| 23:35 | Healing Salve |
| 24:04 | Steel Forged Swords |
| 24:04 | Reinforced Leather Armor |
| 24:07 | Guard Tower |
| 24:08 | Scout Tower |
| 24:08 | Scout Tower |
| 24:09 | Scout Tower |
| 24:09 | Scout Tower |
| 24:11 | Guard Tower |
| 24:13 | Scout Tower |
| 24:13 | Scout Tower |
| 24:14 | Scout Tower |
| 24:14 | Scout Tower |
| 24:14 | Scout Tower |
| 24:15 | Scout Tower |
| 24:15 | Scout Tower |
| 24:16 | Scout Tower |
| 24:16 | Scout Tower |
| 24:27 | Scout Tower |
| 24:28 | Scout Tower |
| 24:28 | Scout Tower |
| 24:29 | Scout Tower |
| 24:29 | Scout Tower |
| 24:29 | Scout Tower |
| 24:54 | Divine Shield |
| 25:07 | Storm Bolt |
| 25:10 | Guard Tower |
| 25:41 | Guard Tower |
| Right click | 2430 |
| Select | 706 |
| Select group | 350 |
| Build/train/purchase | 218 |
| Use ability | 87 |
| Chat | 55 |
| Assign group | 19 |
| Resource trade | 19 |
| Misc. action | 17 |
| Minimap ping | 10 |
| Item give/drop | 4 |
| Remove unit | 2 |
⇛